 Dungeon Crawl Stone Soup version 0.25.0-15-gac7dcb8919 (webtiles) character file.

Game seed: 1379433923247121341

196 grindst0ne the Skirmisher (level 6, -10/49 HPs)
             Began as a Human Chaos Knight on June 28, 2020.
             Was a Plaything of Xom.
             Mangled by a gnoll
             ... wielding a +0 spear
              (11 damage)
             ... on level 4 of the Dungeon.
             The game lasted 00:04:33 (3424 turns).

grindst0ne the Skirmisher (Human Chaos Knight)      Turns: 3424, Time: 00:04:34

Health: -10/49     AC:  6    Str: 11 (14) XL:     6   Next: 4%
Magic:  6/6        EV: 11    Int: 18 (19) God:    Xom [.....*]
Gold:   186        SH:  4    Dex: 11 (12) Spells: 3/5 levels left

rFire    . . .     SeeInvis .   a - +0 hand axe (chaos)
rCold    . . .     Gourm    .   m - +0 buckler
rNeg     + . .     Faith    .   b - +2 leather armour
rPois    .         Spirit   .   n - +0 helmet
rElec    .         Reflect  .   (no cloak)
rCorr    .         Harm     .   (no gloves)
MR       .....                  (no boots)
Stlth    +.........             (no amulet)
HPRegen  0.16/turn              o - +6 ring of intelligence
MPRegen  0.10/turn              p - ring of positive energy

@: no status effects
A: no striking features
a: Renounce Religion


You were on level 4 of the Dungeon.
You worshipped Xom.
You were Xom's teddy bear.
You were not hungry.

You visited 1 branch of the dungeon, and saw 4 of its levels.

You collected 186 gold pieces.

Inventory:

Hand Weapons
 a - a +0 hand axe of chaos (weapon)
Missiles
 f - 14 poisoned darts (quivered)
 v - a throwing net
Armour
 b - a +2 leather armour (worn)
 m - a +0 buckler (worn)
 n - a +0 helmet (worn)
Jewellery
 o - a +6 ring of intelligence (left hand)
 p - a ring of positive energy (right hand)
Wands
 t - a wand of paralysis (7)
 w - a wand of random effects (19)
Scrolls
 e - a scroll of immolation {unknown}
 g - 3 scrolls of identify
 h - 2 scrolls of fog
 i - a scroll of random uselessness {unknown}
 l - a scroll of teleportation
Potions
 j - a potion of curing
 k - a potion of stabbing {unknown}
 r - a potion of mutation {unknown}
 s - a potion of resistance {unknown}
Comestibles
 c - 4 rations
 u - 4 chunks of flesh


   Skills:
 + Level 4.3 Fighting
 - Level 3.0 Axes
 + Level 3.7 Armour
 - Level 1.0 Dodging
 + Level 2.1 Shields
 + Level 1.2 Translocations


You had 3 spell levels left.
You knew the following spells:

 Your Spells              Type           Power        Failure   Level  Hunger
a - Blink                 Tloc           N/A          32%         2    ###....

Your spell library contained the following spells:

 Spells                   Type           Power        Failure   Level  Hunger
 Magic Dart               Conj           #...         34%         1    ##.....
 Call Imp                 Summ           #.......     47%         2    ###....
 Slow                     Hex            #.......     47%         2    ###....
 Conjure Flame            Conj/Fire      #.......     71%         3    ####...
 Mephitic Cloud           Conj/Pois/Air  #.......     71%         3    ####...


Dungeon Overview and Level Annotations

Branches:
Dungeon (4/15)
 Temple: D:4-7

Altars:
Ashenzari
Dithmenos
Fedhas
Gozag
Nemelex Xobeh
Ru
Trog
Yredelemnul

Annotations:
D:4 Robin


Message History

It was a potion of degeneration.
There was something very wrong with that liquid.
You feel weakened.
You feel dopey.
You feel clumsy. The gnoll closely misses you.
The gnoll hits you from afar with a +0 spear.
* * * LOW HITPOINT WARNING * * *
It was a potion of curing.
You feel better.
You kill the gnoll!
You have reached level 6!
Your experience leads to an increase in your attributes!
Your base attributes are Str 13, Int 13, Dex 12.
Increase (S)trength, (I)ntelligence, or (D)exterity?
You feel stronger.
The gnoll hits you from afar with a +0 spear!
* * * LOW HITPOINT WARNING * * *
The gnoll hits you with a +0 spear!
* * * LOW HITPOINT WARNING * * *
You barely miss the gnoll. The gnoll hits you with a +0 spear!
You die...
Xom chortles!

#########...........
#.....#.?.##g.>.....
#.....#.####..#....
#.......(....g....g
#.....#............
###.##..###...$....
#....(#.......#
##.g.....#.......#
#.@)##.#########..
#.#....# ###..###
####


You could see a gnoll.

Vanquished Creatures
  2 gnolls (D:4)
  4 adders
  A river rat (D:3)
  An ooze (D:4)
  4 dart slugs
  5 leopard geckos
  8 orcs
  9 bats
  4 giant cockroaches
  2 hobgoblins
  6 kobolds
  5 quokkas
  6 frilled lizards
  7 goblins
  3 rats
67 creatures vanquished.

Vanquished Creatures (collateral kills)
  A howler monkey (D:3)
  An adder (D:3)
  A worm (D:3)
3 creatures vanquished.

Vanquished Creatures (others)
  A crimson imp (D:3)
1 creature vanquished.

Grand Total: 71 creatures vanquished

Notes
Turn   | Place    | Note
-------+----------+-------------------------------------------
     0 | D:1      | grindst0ne the Human Chaos Knight began the quest for the
                  | Orb.
     0 | D:1      | Reached XP level 1. HP: 18/18 MP: 1/1
   166 | D:1      | XOM: silly message
   190 | D:1      | Reached XP level 2. HP: 24/24 MP: 2/2
   596 | D:2      | Found a sparkling altar of Nemelex Xobeh.
   599 | D:2      | Found a bloodstained altar of Trog.
   603 | D:2      | Found a shadowy altar of Dithmenos.
   605 | D:2      | Found a basalt altar of Yredelemnul.
   606 | D:2      | Found a sacrificial altar of Ru.
   674 | D:2      | Reached XP level 3. HP: 26/29 MP: 3/3
   824 | D:2      | XOM: divination: detect items
   851 | D:2      | XOM: silly message
  1024 | D:2      | Reached XP level 4. HP: 37/37 MP: 4/4
  1046 | D:2      | XOM: divination: detect creatures
  1055 | D:2      | XOM: silly message
  1174 | D:2      | Found a faded altar of an unknown god.
  1344 | D:2      | Reached skill level 1 in Shields
  1425 | D:2      | Found a blossoming altar of Fedhas.
  1907 | D:3      | Found an opulent altar of Gozag.
  1986 | D:3      | XOM: polymorph orc -> river rat
  2005 | D:3      | XOM: confusion
  2007 | D:3      | XOM: 3-stop teleportation journey
  2178 | D:3      | Reached skill level 4 in Fighting
  2199 | D:3      | XOM: 4-stop teleportation journey
  2454 | D:3      | XOM: summons 4 hostile shadow creatures
  2468 | D:3      | Found a shattered altar of Ashenzari.
  2823 | D:3      | XOM: silly message
  2826 | D:3      | Learned a level 2 spell: Blink
  2881 | D:3      | XOM: confusion (+ monsters)
  2893 | D:3      | Reached XP level 5. HP: 42/42 MP: 5/5
  2902 | D:3      | XOM: divine lightning
  3287 | D:3      | XOM: summons 3 friendly demons
  3293 | D:3      | Reached skill level 1 in Translocations
  3379 | D:4      | Noticed Robin
  3379 | D:4      | Noticed an ogre
  3381 | D:4      | XOM: 2-stop teleportation journey
  3412 | D:4      | XOM: cast spell 'Olgreb's Toxic Radiance'
  3422 | D:4      | Reached XP level 6. HP: 16/49 MP: 6/6
  3423 | D:4      | HP: 1/49 [gnoll/+0 spear (8)]
  3424 | D:4      | Mangled by a gnoll

Illustrated notes

Levels and vault maps discovered:
D:1:      nzn_arrival_settlement, layout_rooms, minmay_pentomino_r4
D:2:      layout_loops_ring, minitemple, fedhas_altar_fruit_tree, first_ration,
          chequers_ecumenical_altar_simple_redux, serial_bayou_pond_d
D:3:      layout_loops_ring, ashenzari_altar_1, nicolae_overflow_hidden_temple,
          minmay_quantized
D:4:      layout_rooms, uniq_robin, uniq_grinder

Skill      XL: |  1  2  3  4  5 |
---------------+----------------+-----
Armour         | 3 |  3.7
Shields        | 1 2 |  2.1
Fighting       | 4 |  4.3
Translocations | 1 |  1.2
Axes           | |  3.0
Dodging        | |  1.0

Action                   |  1- 3 |  4- 6 || total
-------------------------+-------+-------++-------
Melee: Hand axe          |    58 |   180 ||   238
Throw: Javelin           |       |     7 ||     7
       Dart              |       |     2 ||     2
  Use: Scroll            |       |     2 ||     2
       Potion            |       |     2 ||     2
 Stab: Paralysed         |     2 |       ||     2
       Confused          |       |     1 ||     1
  Eat: Chunk             |       |     8 ||     8
Armor: Leather armour    |    18 |    72 ||    90
Dodge: Dodged            |    40 |    95 ||   135
Block: Buckler           |     1 |    32 ||    33
